[Event "Budapest Spring Festival 2019"]
[Site "Budapest"]
[Date "2019.04.11"]
[Round "3.35"]
[White "Karacsonyi, Gellert"]
[Black "Torma, Robert"]
[Result "1/2-1/2"]
[ECO "C03"]
[WhiteElo "2279"]
[BlackElo "2463"]
[Annotator "ChessBase"]
[PlyCount "73"]
[EventDate "2019.04.09"]
[EventType "swiss"]
[EventCountry "HUN"]
[SourceTitle "playchess.com"]
[Source "ChessBase"]
[SourceQuality "1"]
[TimeControl "40/5400+30:1800+30"]

1. e4 e6 2. d4 d5 3. Nd2 h6 4. c3 c5 5. exd5 exd5 6. Ngf3 Nf6 7. Bb5+ Bd7 8. Qe2+ Be7 9. O-O O-O 10. dxc5 Bxc5 11. Nb3 Bb6 12. Bxd7 Qxd7 13. Bf4 Nc6 14. h3 Qf5 15. Bh2 a6 16. Rad1 Rfe8 17. Qd2 Re4 18. Nbd4 Nxd4 19. Nxd4 Qd7 20. Rfe1 Rae8 21. a3 Qa4 22. Rxe4 Rxe4 23. f3 Bxd4+ 24. cxd4 Re8 25. Rc1 Qb5 26. Kf2 Nd7 27. Rc3 Nf8 28. Rc5 Qb3 29. Rc3 Qb6 30. Bc7 Qb5 31. Bf4 Ne6 32. Be3 Qd7 33. Kf1 Qe7 34. Bf2 Qf6 35. Re3 Qf5 36. Re5 Qb1+ 37. Re1 1/2-1/2

[Event "Budapest Spring Festival 2019"]
[Site "Budapest"]
[Date "2019.04.11"]
[Round "3.36"]
[White "Godbole, Atharva"]
[Black "Kayonde, Andrew"]
[Result "0-1"]
[ECO "B14"]
[WhiteElo "2163"]
[BlackElo "2394"]
[Annotator "NA"]
[PlyCount "40"]
[EventDate "2019.04.09"]
[EventType "swiss"]
[EventCountry "HUN"]
[SourceTitle "playchess.com"]
[Source "ChessBase"]
[SourceQuality "1"]
[TimeControl "40/5400+30:1800+30"]

1. e4 c6 2. d4 d5 3. exd5 cxd5 4. c4 Nf6 5. Nc3 g6 6. Qb3 Bg7 7. cxd5 O-O 8. Be2 Nbd7 9. Bf3 Nb6 10. Nge2 Bg4 11. Bxg4 Nxg4 12. a4 Nf6 13. d6 Qxd6 14. Bf4 Qd7 15. O-O Nbd5 16. Be5 Rfd8 17. Rfd1 a5 18. h3 $15 e6 19. Nb5 Ne8 20. Ng3 f6 0-1

[Event "Budapest Spring Festival 2019"]
[Site "Budapest"]
[Date "2019.04.11"]
[Round "3.37"]
[White "Szeberenyi, Adam"]
[Black "Losonczi, Marcell"]
[Result "1-0"]
[ECO "A49"]
[WhiteElo "2392"]
[BlackElo "2238"]
[Annotator "NA"]
[PlyCount "57"]
[EventDate "2019.04.09"]
[EventType "swiss"]
[EventCountry "HUN"]
[SourceTitle "playchess.com"]
[Source "ChessBase"]
[SourceQuality "1"]
[TimeControl "40/5400+30:1800+30"]

1. d4 Nf6 2. Nf3 g6 3. g3 Bg7 4. Bg2 d6 5. O-O O-O $11 6. a4 Na6 7. Nc3 c6 8. e4 Qc7 9. e5 dxe5 10. Nxe5 Rd8 11. Re1 Be6 12. a5 Nd7 13. Nf3 Nf8 14. Bf4 Qd7 15. Qe2 Bg4 16. Be5 Bxe5 17. dxe5 Ne6 18. Qc4 Nd4 19. Nxd4 Qxd4 20. Qb3 Qd7 21. Ne4 Be6 22. Qe3 Kg7 23. Ra4 h6 24. b3 Bd5 25. Nf6 Qe6 26. Rh4 g5 27. Bh3 gxh4 28. Bxe6 Bxe6 29. Nh5+ 1-0

[Event "Budapest Spring Festival 2019"]
[Site "Budapest"]
[Date "2019.04.11"]
[Round "3.38"]
[White "Popovics, Adam"]
[Black "Taranenko, Evgueniy"]
[Result "1-0"]
[ECO "B00"]
[WhiteElo "2375"]
[BlackElo "2212"]
[Annotator "NA"]
[PlyCount "57"]
[EventDate "2019.04.09"]
[EventType "swiss"]
[EventCountry "HUN"]
[SourceTitle "playchess.com"]
[Source "ChessBase"]
[SourceQuality "1"]
[TimeControl "40/5400+30:1800+30"]

1. e4 Nc6 2. d4 d5 3. Nc3 e5 4. exd5 Nxd4 5. Nf3 Bc5 6. Be3 Bg4 7. Be2 Bxf3 8. Bxf3 Nf6 9. O-O O-O 10. Bg5 Qd6 11. g3 Nd7 12. Ne4 $11 Qb6 13. Bg2 h6 14. Bd2 Be7 15. c3 f5 16. cxd4 fxe4 17. Qa4 Rad8 18. Ba5 Qa6 19. Qb3 Bd6 20. Bxc7 Bxc7 21. d6+ Kh8 22. dxc7 Rc8 23. Rac1 exd4 24. Bxe4 b6 25. Qe6 Nf6 26. Bf5 Qa5 27. Bh3 d3 28. Qd6 d2 29. Bxc8 1-0

[Event "Budapest Spring Festival 2019"]
[Site "Budapest"]
[Date "2019.04.11"]
[Round "3.39"]
[White "Krstulovic, Alex"]
[Black "Suta, Andraz"]
[Result "1-0"]
[ECO "D37"]
[WhiteElo "2345"]
[BlackElo "2205"]
[Annotator "NA"]
[PlyCount "89"]
[EventDate "2019.04.09"]
[EventType "swiss"]
[EventCountry "HUN"]
[SourceTitle "playchess.com"]
[Source "ChessBase"]
[SourceQuality "1"]
[TimeControl "40/5400+30:1800+30"]

1. d4 Nf6 2. c4 e6 3. Nf3 d5 4. Nc3 Be7 5. Bf4 O-O 6. e3 Nbd7 7. c5 c6 8. Bd3 b6 9. b4 a5 10. a3 Ba6 11. Bxa6 Rxa6 12. O-O Qc8 13. Qd3 Ra8 14. Rfc1 Qb7 15. Rab1 axb4 16. axb4 Rfc8 17. h3 Bd8 18. e4 dxe4 19. Nxe4 Nxe4 20. Qxe4 b5 21. Rb3 Nf6 22. Qe2 Nd5 23. Be5 Bf6 24. Bxf6 Nxf6 25. Ne5 Nd7 26. Ng4 Qc7 27. Qd2 h5 28. Nh2 Ra4 29. Qg5 g6 30. Nf3 Rca8 31. g4 hxg4 32. hxg4 Kg7 33. Rd1 Ra1 34. Rxa1 Rxa1+ 35. Kg2 Rd1 36. Nd2 Qb8 37. Rh3 Qa7 38. Qh6+ Kf6 39. Qh4+ g5 40. Ne4+ Ke7 41. Qxg5+ f6 42. Qg7+ Kd8 43. Rh8+ Kc7 44. Nxf6 Rxd4 45. Ne8+ 1-0

[Event "Budapest Spring Festival 2019"]
[Site "Budapest"]
[Date "2019.04.11"]
[Round "3.40"]
[White "Kun, Gabor"]
[Black "Prraneeth, Vuppala"]
[Result "0-1"]
[ECO "B22"]
[WhiteElo "2335"]
[BlackElo "2177"]
[Annotator "NA"]
[PlyCount "80"]
[EventDate "2019.04.09"]
[EventType "swiss"]
[EventCountry "HUN"]
[SourceTitle "playchess.com"]
[Source "ChessBase"]
[SourceQuality "1"]
[TimeControl "40/5400+30:1800+30"]

1. e4 c5 2. c3 Nf6 3. e5 Nd5 4. d4 cxd4 5. Nf3 e6 6. cxd4 d6 7. Bc4 Nc6 8. O-O Be7 9. Qe2 O-O 10. Bd2 Qb6 11. exd6 Bxd6 12. Be3 Bd7 13. Nc3 Nce7 14. Ne4 Rac8 15. Nxd6 Qxd6 16. Ne5 Be8 17. Bb3 f6 18. Nf3 Bh5 19. Rfe1 Nf5 20. h3 Ndxe3 21. fxe3 Ng3 22. Qd3 Bxf3 23. gxf3 Kh8 24. Rac1 e5 25. Rxc8 Rxc8 26. Bc2 f5 27. dxe5 Qxe5 28. Qd7 Rf8 29. Qd4 Qa5 30. b4 Qc7 31. Bb3 Nh5 32. f4 Qe7 33. Qc5 Qf6 34. Kh2 b6 35. Qd4 Qh4 36. Rg1 Rd8 37. Qb2 Nf6 38. Rg3 Nh5 39. Rg2 Nf6 40. Qc2 Ng4+ 0-1

[Event "Budapest Spring Festival 2019"]
[Site "Budapest"]
[Date "2019.04.12"]
[Round "4.1"]
[White "Onischuk, Vladimir"]
[Black "Gopal G.N."]
[Result "1/2-1/2"]
[ECO "B20"]
[WhiteElo "2627"]
[BlackElo "2589"]
[Annotator "RC"]
[PlyCount "105"]
[EventDate "2019.04.09"]
[EventType "swiss"]
[EventCountry "HUN"]
[SourceTitle "playchess.com"]
[Source "ChessBase"]
[SourceQuality "1"]
[TimeControl "40/5400+30:1800+30"]

1. e4 c5 2. Ne2 Nf6 3. Nbc3 d6 4. g3 g6 5. Bg2 Nc6 6. d4 cxd4 7. Nxd4 Nxd4 8. Qxd4 Bg7 9. e5 Nd7 10. Qa4 O-O 11. exd6 Nb6 12. Qf4 Qxd6 13. O-O Be6 14. a4 Bxc3 15. bxc3 Bd5 16. Qxd6 exd6 17. Re1 Rfe8 18. Rxe8+ Rxe8 19. Be3 Bxg2 20. Kxg2 Nc4 21. Bxa7 Ra8 22. Bd4 b5 23. a5 Rxa5 24. Re1 Kf8 25. g4 Ra2 26. Re2 Ne5 27. Kg3 f6 28. f4 Nd7 29. Kf3 d5 30. h4 Kf7 31. h5 Ra1 32. hxg6+ hxg6 33. Rd2 Rb1 34. Be3 Ke6 35. Rh2 b4 36. cxb4 Rxb4 37. c3 Rc4 38. Bd4 Nb8 39. Rh6 Nc6 40. Rxg6 Nxd4+ 41. cxd4 Kf7 42. Rh6 Kg7 43. Rh1 Rxd4 44. Kg3 Re4 45. Ra1 Re7 46. Rd1 Rd7 47. Rd4 Kf7 48. f5 Rd8 49. Kf4 Ke7 50. Rd2 Kf7 51. Ra2 d4 52. Rd2 d3 53. Ke4 1/2-1/2

[Event "Budapest Spring Festival 2019"]
[Site "Budapest"]
[Date "2019.04.12"]
[Round "4.7"]
[White "Santos Latasa, Jaime"]
[Black "Ashwath, R.."]
[Result "1-0"]
[ECO "C50"]
[WhiteElo "2585"]
[BlackElo "2388"]
[Annotator "ChessBase"]
[PlyCount "63"]
[EventDate "2019.04.09"]
[EventType "swiss"]
[EventCountry "HUN"]
[SourceTitle "playchess.com"]
[Source "ChessBase"]
[SourceQuality "1"]
[TimeControl "40/5400+30:1800+30"]

1. e4 e5 2. Nf3 Nc6 3. Bc4 Bc5 4. O-O d6 5. c3 Nf6 6. d3 O-O 7. h3 Ne7 8. Re1 Ng6 9. d4 Bb6 10. Bf1 c6 11. Nbd2 Re8 12. Qc2 Bc7 13. dxe5 dxe5 14. Nc4 Nh5 15. Bg5 f6 16. Rad1 Qe7 17. Bc1 b5 18. Ne3 Nhf4 19. Nf5 Qf7 20. g3 Ne6 21. Be3 Qf8 22. c4 b4 23. c5 a5 24. Nd2 Rd8 25. Nc4 Ba6 26. Ncd6 Bxf1 27. Qb3 Re8 28. Nxe8 Qxe8 29. Rxf1 Ngf8 30. Rd2 g6 31. Nd6 Qe7 32. Rfd1 1-0

[Event "Budapest Spring Festival 2019"]
[Site "Budapest"]
[Date "2019.04.12"]
[Round "4.8"]
[White "Raja Harshit"]
[Black "Mikhalevski, Victor"]
[Result "0-1"]
[ECO "C60"]
[WhiteElo "2432"]
[BlackElo "2580"]
[Annotator "ChessBase"]
[PlyCount "86"]
[EventDate "2019.04.09"]
[EventType "swiss"]
[EventCountry "HUN"]
[SourceTitle "playchess.com"]
[Source "ChessBase"]
[SourceQuality "1"]
[TimeControl "40/5400+30:1800+30"]

1. e4 e5 2. Nf3 Nc6 3. Bb5 g6 4. O-O Bg7 5. c3 a6 6. Ba4 Nge7 7. d4 exd4 8. cxd4 b5 9. Bb3 O-O 10. d5 Na5 11. Bd2 Nxb3 12. Qxb3 c5 13. Bc3 d6 14. Bxg7 Kxg7 15. Nbd2 f6 16. Qc3 a5 17. b3 h6 18. a3 b4 19. Qc2 Ba6 20. Rfe1 Qd7 21. Ra2 Ra7 22. h3 g5 23. Rea1 Rfa8 24. Nh2 Ng6 25. Ng4 Nf4 26. axb4 Ne2+ 27. Kh2 Nd4 28. Qb2 axb4 29. Nf3 Nxf3+ 30. gxf3 Qe7 31. h4 Kg6 32. h5+ Kxh5 33. Qxf6 Qxf6 34. Nxf6+ Kg6 35. Ng4 h5 36. Ne3 Kf6 37. Nf5 Ke5 38. Kg3 c4 39. bxc4 b3 40. Ra4 Bc8 41. Rxa7 Rxa7 42. Rb1 Bxf5 43. exf5 Rb7 0-1

[Event "Budapest Spring Festival 2019"]
[Site "Budapest"]
[Date "2019.04.12"]
[Round "4.9"]
[White "Savchenko, Boris"]
[Black "Gschnitzer, Adrian"]
[Result "1-0"]
[ECO "B92"]
[WhiteElo "2575"]
[BlackElo "2380"]
[Annotator "ChessBase"]
[PlyCount "79"]
[EventDate "2019.04.09"]
[EventType "swiss"]
[EventCountry "HUN"]
[SourceTitle "playchess.com"]
[Source "ChessBase"]
[SourceQuality "1"]
[TimeControl "40/5400+30:1800+30"]

1. e4 c5 2. Nf3 d6 3. d4 cxd4 4. Nxd4 Nf6 5. Nc3 a6 6. Be3 Ng4 7. Bc1 Nf6 8. Be2 e5 9. Nb3 Be7 10. O-O O-O 11. a4 Be6 12. Bf3 Nbd7 13. Re1 Nb6 14. a5 Nc4 15. Nd5 Rc8 16. Ra4 Nxd5 17. exd5 Bd7 18. Ra2 Bg5 19. Be2 Bxc1 20. Qxc1 Bb5 21. Qa1 Qg5 22. Qd1 e4 23. g3 Rfe8 24. c3 Ne5 25. Bxb5 Nf3+ 26. Qxf3 exf3 27. Bxe8 Qxd5 28. Bd7 Rd8 29. Ra3 h5 30. Bh3 g5 31. Nd4 g4 32. Bf1 h4 33. Bd3 hxg3 34. hxg3 Qg5 35. Re3 Kg7 36. Ra4 Rh8 37. Nf5+ Kf6 38. Rf4 Qh5 39. Nxd6+ Kg7 40. Rxf7+ 1-0

[Event "Budapest Spring Festival 2019"]
[Site "Budapest"]
[Date "2019.04.12"]
[Round "4.10"]
[White "Pasztor, Balazs"]
[Black "Stupak, Kirill"]
[Result "0-1"]
[ECO "B12"]
[WhiteElo "2139"]
[BlackElo "2547"]
[Annotator "ChessBase"]
[PlyCount "134"]
[EventDate "2019.04.09"]
[EventType "swiss"]
[EventCountry "HUN"]
[SourceTitle "playchess.com"]
[Source "ChessBase"]
[SourceQuality "1"]
[TimeControl "40/5400+30:1800+30"]

1. e4 c6 2. d4 d5 3. e5 c5 4. Nf3 Nc6 5. dxc5 Bg4 6. c3 a6 7. Be2 e6 8. Be3 Bxf3 9. Bxf3 Nxe5 10. O-O Nf6 11. Nd2 Be7 12. Be2 O-O 13. b4 Nc6 14. Nf3 Ne4 15. Qb3 Bf6 16. Rac1 Qc7 17. Bd3 Nxc3 18. Rxc3 d4 19. Rc4 dxe3 20. fxe3 Rad8 21. Be4 Rd7 22. Qc2 h6 23. Bxc6 Qxc6 24. e4 Qc7 25. c6 Qb6+ 26. Kh1 bxc6 27. e5 Be7 28. Rxc6 Qxb4 29. Rb1 Qa5 30. Qe2 Ra8 31. h3 Bg5 32. Rbb6 Bf4 33. Rxa6 Rxa6 34. Rxa6 Qd5 35. Rd6 Rxd6 36. exd6 Qxd6 37. a4 Qa3 38. Qd1 e5 39. Qe1 f6 40. a5 Qd3 41. Ng1 f5 42. Qf2 Be3 43. Qe2 Qa3 44. Qc4+ Kh7 45. Qf1 Bf4 46. Ne2 Qd3 47. Qf3 Qb1+ 48. Ng1 Qc1 49. g3 Be3 50. Qg2 Qa1 51. g4 Bxg1 52. Qxg1 Qxa5 53. gxf5 Qd5+ 54. Kh2 Qd2+ 55. Kh1 Qd5+ 56. Kh2 Qd2+ 57. Kh1 Qg5 58. Qf1 Qg3 59. f6 gxf6 60. Qf5+ Kg7 61. Qd7+ Kg6 62. Qe8+ Kg7 63. Qd7+ Kg6 64. Qe8+ Kg5 65. Qe6 Qf3+ 66. Kh2 Kh4 67. Qc8 Qg3+ 0-1

[Event "Budapest Spring Festival 2019"]
[Site "Budapest"]
[Date "2019.04.12"]
[Round "4.11"]
[White "Krzyzanowski, Marcin"]
[Black "Bashirli, Nail"]
[Result "1-0"]
[ECO "B23"]
[WhiteElo "2509"]
[BlackElo "2333"]
[Annotator "ChessBase"]
[PlyCount "93"]
[EventDate "2019.04.09"]
[EventType "swiss"]
[EventCountry "HUN"]
[SourceTitle "playchess.com"]
[Source "ChessBase"]
[SourceQuality "1"]
[TimeControl "40/5400+30:1800+30"]

1. e4 c5 2. Nc3 d6 3. d4 cxd4 4. Qxd4 Nc6 5. Qd2 Nf6 6. b3 e6 7. Bb2 a6 8. O-O-O b5 9. f3 Be7 10. Kb1 Bb7 11. g4 Qc7 12. g5 Nd7 13. h4 O-O-O 14. Bh3 Kb8 15. Nge2 b4 16. Na4 Nc5 17. Nxc5 dxc5 18. Qe3 e5 19. f4 Bd6 20. fxe5 Nxe5 21. Rhf1 Rhe8 22. Nf4 c4 23. Nd5 Qa5 24. h5 c3 25. Bc1 Bc5 26. Qe2 Ka7 27. h6 gxh6 28. gxh6 Nc6 29. Rxf7 Nd4 30. Qg2 Nb5 31. a4 bxa3 32. Ka2 Nd6 33. Rxh7 Nxe4 34. Bd7 Nf6 35. Bxe8 Nxh7 36. Bf7 Qb5 37. Qg6 Nf8 38. Nxc3 Qb4 39. Qf5 Rc8 40. Rd3 Bd4 41. Bxa3 Qb6 42. Na4 Rxc2+ 43. Kb1 Rf2 44. Qxf2 Bxf2 45. Nxb6 Be4 46. Kc2 Nh7 47. Nc8+ 1-0

[Event "Budapest Spring Festival 2019"]
[Site "Budapest"]
[Date "2019.04.12"]
[Round "4.14"]
[White "Kayonde, Andrew"]
[Black "Hakobyan, Aram"]
[Result "1/2-1/2"]
[ECO "A40"]
[WhiteElo "2394"]
[BlackElo "2554"]
[Annotator "ChessBase"]
[PlyCount "49"]
[EventDate "2019.04.09"]
[EventType "swiss"]
[EventCountry "HUN"]
[SourceTitle "playchess.com"]
[Source "ChessBase"]
[SourceQuality "1"]
[TimeControl "40/5400+30:1800+30"]

1. d4 e6 2. c4 b6 3. e4 Bb7 4. Bd3 Nc6 5. Ne2 g6 6. Nbc3 Bg7 7. Be3 Nge7 8. Qd2 d5 9. cxd5 exd5 10. e5 f6 11. exf6 Bxf6 12. h4 Qd7 13. h5 O-O-O 14. hxg6 hxg6 15. O-O-O Rxh1 16. Rxh1 Nf5 17. Bg5 Rh8 18. Rxh8+ Bxh8 19. Qf4 Bxd4 20. Nxd4 Ncxd4 21. Qe5 Ne6 22. Qh8+ Nd8 23. Ne2 d4 24. Nf4 Nd6 25. Bxg6 1/2-1/2

[Event "Budapest Spring Festival 2019"]
[Site "Budapest"]
[Date "2019.04.12"]
[Round "4.15"]
[White "Horvath, Adam"]
[Black "Popovics, Adam"]
[Result "1-0"]
[ECO "C67"]
[WhiteElo "2533"]
[BlackElo "2375"]
[Annotator "ChessBase"]
[PlyCount "27"]
[EventDate "2019.04.09"]
[EventType "swiss"]
[EventCountry "HUN"]
[SourceTitle "playchess.com"]
[Source "ChessBase"]
[SourceQuality "1"]
[TimeControl "40/5400+30:1800+30"]

1. e4 e5 2. Nf3 Nc6 3. Bb5 Nf6 4. O-O Nxe4 5. d4 Nd6 6. dxe5 Nxb5 7. a4 Nxe5 8. Nxe5 Nd6 9. Re1 Be7 10. Bg5 Nf5 11. Nxf7 Kxf7 12. Qd5+ Kg6 13. g4 Rf8 14. Bxe7 1-0

[Event "Budapest Spring Festival 2019"]
[Site "Budapest"]
[Date "2019.04.12"]
[Round "4.16"]
[White "Mehar, Chinna Reddy C.H."]
[Black "Gonda, Laszlo"]
[Result "1/2-1/2"]
[ECO "A45"]
[WhiteElo "2348"]
[BlackElo "2527"]
[Annotator "ChessBase"]
[PlyCount "64"]
[EventDate "2019.04.09"]
[EventType "swiss"]
[EventCountry "HUN"]
[SourceTitle "playchess.com"]
[Source "ChessBase"]
[SourceQuality "1"]
[TimeControl "40/5400+30:1800+30"]

1. d4 Nf6 2. Bf4 b6 3. e3 Bb7 4. Nf3 Nh5 5. Bg3 Nxg3 6. hxg3 g6 7. Bd3 Bg7 8. Nbd2 d6 9. Qe2 Nd7 10. e4 e5 11. d5 a6 12. O-O-O b5 13. Nb3 c5 14. c4 b4 15. Kb1 a5 16. Nfd2 a4 17. Nc1 a3 18. b3 Nf6 19. Bc2 Bc8 20. Nd3 Qe7 21. f3 h5 22. Nf1 Bh6 23. Nf2 Bd7 24. Nd3 Kf8 25. Nd2 Kg7 26. Rdf1 Rae8 27. Re1 Kg8 28. Rhf1 Rh7 29. Rh1 Qf8 30. Rhf1 Qe7 31. Rh1 Bg7 32. Nf2 Bh6 1/2-1/2

[Event "Budapest Spring Festival 2019"]
[Site "Budapest"]
[Date "2019.04.12"]
[Round "4.17"]
[White "Shyam, Sundar M."]
[Black "Krstulovic, Alex"]
[Result "1-0"]
[ECO "C79"]
[WhiteElo "2519"]
[BlackElo "2345"]
[Annotator "ChessBase"]
[PlyCount "69"]
[EventDate "2019.04.09"]
[EventType "swiss"]
[EventCountry "HUN"]
[SourceTitle "playchess.com"]
[Source "ChessBase"]
[SourceQuality "1"]
[TimeControl "40/5400+30:1800+30"]

1. e4 e5 2. Nf3 Nc6 3. Bb5 a6 4. Ba4 Nf6 5. O-O d6 6. d4 Bd7 7. Re1 b5 8. dxe5 Nxe5 9. Nxe5 dxe5 10. Bb3 Bg4 11. Qxd8+ Rxd8 12. Bg5 h6 13. Be3 Bc8 14. f3 Nd7 15. Rd1 Bd6 16. Nc3 Nc5 17. Bd5 Bd7 18. Rd2 b4 19. Ne2 Na4 20. b3 Bc5 21. Bxc5 Nxc5 22. c3 bxc3 23. Nxc3 c6 24. Bc4 a5 25. Rc1 Ke7 26. Nb1 Bc8 27. Bf1 Ne6 28. Rxc6 Rxd2 29. Nxd2 Bd7 30. Ra6 a4 31. bxa4 Rb8 32. Ra7 Nd4 33. Nb3 Kd6 34. Nxd4 exd4 35. e5+ 1-0

[Event "Budapest Spring Festival 2019"]
[Site "Budapest"]
[Date "2019.04.12"]
[Round "4.18"]
[White "Akesson, Ralf"]
[Black "Vetoshko, Volodymyr"]
[Result "1-0"]
[ECO "A05"]
[WhiteElo "2346"]
[BlackElo "2510"]
[Annotator "ChessBase"]
[PlyCount "83"]
[EventDate "2019.04.09"]
[EventType "swiss"]
[EventCountry "HUN"]
[SourceTitle "playchess.com"]
[Source "ChessBase"]
[SourceQuality "1"]
[TimeControl "40/5400+30:1800+30"]

1. Nf3 Nf6 2. c4 b6 3. g3 Bb7 4. d4 g6 5. Bg2 Bg7 6. O-O O-O 7. d5 Ne4 8. Nbd2 Nd6 9. e4 c6 10. Re1 cxd5 11. cxd5 Na6 12. e5 Ne8 13. Ne4 d6 14. Nc3 Nc5 15. Bf4 a6 16. Qd2 dxe5 17. Nxe5 Rc8 18. Rad1 Bxe5 19. Bxe5 Nd6 20. Qf4 a5 21. h4 Ba6 22. Bh3 Ra8 23. Qh6 f6 24. Be6+ Kh8 25. Bd4 Nxe6 26. Rxe6 Nf5 27. Qf4 Qb8 28. d6 Nxd6 29. Rxe7 Nf5 30. Rc7 Qe8 31. Nd5 Qe6 32. Nxf6 Rxf6 33. Bc3 Kg8 34. g4 Rf7 35. gxf5 Qxf5 36. Rxf7 Qxf7 37. Qe5 Kf8 38. Re1 Bb7 39. Qh8+ Qg8 40. Qf6+ Qf7 41. Qd6+ Kg8 42. Re7 1-0

[Event "Budapest Spring Festival 2019"]
[Site "Budapest"]
[Date "2019.04.12"]
[Round "4.19"]
[White "Saravanan, V.."]
[Black "Kosic, Dragan"]
[Result "1/2-1/2"]
[ECO "A35"]
[WhiteElo "2335"]
[BlackElo "2508"]
[Annotator "ChessBase"]
[PlyCount "51"]
[EventDate "2019.04.09"]
[EventType "swiss"]
[EventCountry "HUN"]
[SourceTitle "playchess.com"]
[Source "ChessBase"]
[SourceQuality "1"]
[TimeControl "40/5400+30:1800+30"]

1. Nf3 Nf6 2. c4 c5 3. Nc3 Nc6 4. g3 d5 5. d4 cxd4 6. Nxd4 dxc4 7. Nxc6 Qxd1+ 8. Nxd1 bxc6 9. Bg2 Nd5 10. Ne3 Ba6 11. Nxd5 cxd5 12. Bxd5 Rc8 13. Bd2 e6 14. Bf3 Be7 15. Bc3 O-O 16. O-O-O Bb5 17. h4 Ba4 18. Rd2 Rfd8 19. Rxd8+ Rxd8 20. Be4 f5 21. Bc2 Bc6 22. Rd1 Rxd1+ 23. Kxd1 Kf7 24. e3 a6 25. Kd2 Bd8 26. Bd1 1/2-1/2

[Event "Budapest Spring Festival 2019"]
[Site "Budapest"]
[Date "2019.04.12"]
[Round "4.20"]
[White "Galyas, Miklos"]
[Black "Daggupati, Balaji"]
[Result "1/2-1/2"]
[ECO "A20"]
[WhiteElo "2490"]
[BlackElo "2326"]
[Annotator "ChessBase"]
[PlyCount "117"]
[EventDate "2019.04.09"]
[EventType "swiss"]
[EventCountry "HUN"]
[SourceTitle "playchess.com"]
[Source "ChessBase"]
[SourceQuality "1"]
[TimeControl "40/5400+30:1800+30"]

1. c4 e5 2. g3 Nf6 3. Bg2 Nc6 4. Nc3 Bc5 5. Nf3 d6 6. O-O Bf5 7. d3 h6 8. a3 a6 9. b4 Ba7 10. Bb2 O-O 11. Nh4 Be6 12. Nd5 g5 13. Nxf6+ Qxf6 14. Nf3 Qe7 15. Rc1 f5 16. d4 exd4 17. Nxd4 Nxd4 18. Bxd4 c5 19. bxc5 Bxc5 20. Rb1 Rab8 21. Bxc5 dxc5 22. Rb6 Bxc4 23. Rxh6 Kg7 24. Rb6 Rf6 25. Rxf6 Kxf6 26. Qc1 b5 27. Re1 Re8 28. h4 Kg6 29. e4 f4 30. gxf4 gxh4 31. f5+ Kh7 32. Qf4 Qf6 33. e5 Qh6 34. Qxh6+ Kxh6 35. Bc6 Re7 36. f4 Rc7 37. Be4 Rg7+ 38. Kf2 Rg4 39. Rh1 Rxf4+ 40. Ke3 Rg4 41. Bf3 Rd4 42. Be4 Bd5 43. Rxh4+ Kg5 44. Rf4 Rd1 45. Bxd5 Re1+ 46. Kf3 Rf1+ 47. Kg3 Rxf4 48. f6 Rg4+ 49. Kf3 Rf4+ 50. Kg3 c4 51. e6 Rg4+ 52. Kf3 Kxf6 53. Kxg4 c3 54. Bb3 a5 55. a4 bxa4 56. Bxa4 Kxe6 57. Kf3 Kd5 58. Ke2 Kc4 59. Kd1 1/2-1/2

[Event "Budapest Spring Festival 2019"]
[Site "Budapest"]
[Date "2019.04.12"]
[Round "4.21"]
[White "Lizak, Peter"]
[Black "Kulkarni, Rakesh"]
[Result "1/2-1/2"]
[ECO "A46"]
[WhiteElo "2472"]
[BlackElo "2334"]
[Annotator "ChessBase"]
[PlyCount "41"]
[EventDate "2019.04.09"]
[EventType "swiss"]
[EventCountry "HUN"]
[SourceTitle "playchess.com"]
[Source "ChessBase"]
[SourceQuality "1"]
[TimeControl "40/5400+30:1800+30"]

1. d4 Nf6 2. Nf3 e6 3. Bf4 c5 4. e3 Nc6 5. Nbd2 d5 6. c3 Bd6 7. Bg3 O-O 8. Bd3 Qe7 9. Ne5 Nd7 10. Nxd7 Qxd7 11. Bxd6 Qxd6 12. dxc5 Qxc5 13. Bxh7+ Kxh7 14. Qh5+ Kg8 15. Ne4 g6 16. Qg5 Qe7 17. Nf6+ Kg7 18. Nh5+ Kh7 19. Nf6+ Kg7 20. Nh5+ Kh7 21. Nf6+ 1/2-1/2

[Event "Budapest Spring Festival 2019"]
[Site "Budapest"]
[Date "2019.04.12"]
[Round "4.22"]
[White "Henderson de La Fuente, Lance"]
[Black "Stocko, Josip"]
[Result "1-0"]
[ECO "B96"]
[WhiteElo "2471"]
[BlackElo "2317"]
[Annotator "ChessBase"]
[PlyCount "41"]
[EventDate "2019.04.09"]
[EventType "swiss"]
[EventCountry "HUN"]
[SourceTitle "playchess.com"]
[Source "ChessBase"]
[SourceQuality "1"]
[TimeControl "40/5400+30:1800+30"]

1. e4 c5 2. Nf3 d6 3. d4 cxd4 4. Nxd4 Nf6 5. Nc3 a6 6. Bg5 e6 7. f4 h6 8. Bh4 Qb6 9. a3 Be7 10. Bf2 Qc7 11. Qf3 Nbd7 12. O-O-O g5 13. g3 b5 14. Bg2 Bb7 15. Rhe1 Rg8 16. Bh1 Nc5 17. Qe2 Nfd7 18. Nd5 Qd8 19. e5 Bxd5 20. Bxd5 exd5 21. Nc6 1-0

[Event "Budapest Spring Festival 2019"]
[Site "Budapest"]
[Date "2019.04.12"]
[Round "4.23"]
[White "Popovic, Milan S"]
[Black "Abdumalik, Zhansaya"]
[Result "1/2-1/2"]
[ECO "A48"]
[WhiteElo "2332"]
[BlackElo "2463"]
[Annotator "ChessBase"]
[PlyCount "85"]
[EventDate "2019.04.09"]
[EventType "swiss"]
[EventCountry "HUN"]
[SourceTitle "playchess.com"]
[Source "ChessBase"]
[SourceQuality "1"]
[TimeControl "40/5400+30:1800+30"]

1. d4 Nf6 2. Nf3 g6 3. Bg5 Bg7 4. e3 c5 5. c3 d5 6. Nbd2 b6 7. Bb5+ Bd7 8. a4 a6 9. Be2 Bf5 10. Bf4 O-O 11. O-O h6 12. Ne5 Re8 13. Bf3 g5 14. Bg3 e6 15. Re1 Nbd7 16. h3 Bh7 17. Qe2 Qc8 18. Bh2 Ra7 19. c4 Bf8 20. Rac1 a5 21. Nb1 Nxe5 22. dxe5 Nd7 23. Nc3 d4 24. Nb5 Ra6 25. Rcd1 d3 26. Qd2 Rd8 27. Qc3 Nb8 28. Rd2 Nc6 29. Bxc6 Qxc6 30. f3 Raa8 31. e4 Rd7 32. Rxd3 Rad8 33. Red1 Bg6 34. Bg3 h5 35. b3 Be7 36. Kf1 Kg7 37. Rxd7 Rxd7 38. Rxd7 Qxd7 39. Ke2 g4 40. h4 gxf3+ 41. gxf3 Qd8 42. Qe1 Kh7 43. Qf2 1/2-1/2